 Dungeon Crawl Stone Soup version 0.25.0-46-gbd7b0854d2 (webtiles) character file.

Game seed: 5455752587163655224

2625 GameOver the Covert (level 9, 0/68 HPs)
             Began as a Naga Wizard on July 16, 2020.
             Was a Believer of Kikubaaqudgha.
             Shot with an arrow by a centaur (11 damage)
             ... on level 8 of the Dungeon.
             The game lasted 00:44:28 (7932 turns).

GameOver the Covert (Naga Wizard)                   Turns: 7932, Time: 00:44:29

Health: 0/68       AC:  9    Str: 11    XL:     9   Next: 60%
Magic:  0/16       EV: 10    Int: 21    God:    Kikubaaqudgha [**....]
Gold:   303        SH:  0    Dex:  9    Spells: 9/18 levels left

rFire    . . .     SeeInvis +   w - +5 dagger {toothpick 2.0}
rCold    . . .     Gourm    .   (no shield)
rNeg     . . .     Faith    .   J - +2 robe {MR+}
rPois    +         Spirit   .   b - +0 hat
rElec    .         Reflect  .   F - +0 cloak
rCorr    .         Harm     .   k - +1 pair of gloves
MR       ++...                  (no barding)
Stlth    ++++......             (no amulet)
HPRegen  0.21/turn              (no ring)
MPRegen  0.15/turn              (no ring)

@: studying Bows, very slow
A: large, see invisible, deformed body, poison resistance, slowness 2, slow
metabolism 1, spit poison 1, AC +3
a: Spit Poison, Receive Corpses, Renounce Religion


You were on level 8 of the Dungeon.
You worshipped Kikubaaqudgha.
Kikubaaqudgha was pleased with you.
You were not hungry.

You visited 2 branches of the dungeon, and saw 9 of its levels.

You collected 303 gold pieces.

Inventory:

Hand Weapons
 q - a +0 shortbow
 w - a +5 dagger (weapon) {toothpick 2.0}
 A - a +2 whip of draining
 B - a cursed +1 flail of freezing
Missiles
 E - 57 arrows
Armour
 a - a +2 chain mail of magic resistance
 b - a +0 hat (worn)
 k - a +1 pair of gloves (worn)
 n - the +8 chain mail "Umakiduy" {rElec, unknown}
   (You found it on level 5 of the Dungeon)

   It insulates you from electricity.
 F - a +0 cloak (worn)
 J - a +2 robe of magic resistance (worn)
Jewellery
 i - an uncursed ring of ice
Wands
 p - a wand of polymorph (8)
 z - a wand of paralysis (20)
 I - a wand of iceblast (2)
Scrolls
 f - a scroll of enchant weapon {unknown}
 g - a scroll of fear
 h - 2 scrolls of teleportation
 r - a scroll of enchant armour
 u - a scroll of holy word {unknown}
 v - 3 scrolls of immolation
 y - a scroll of fog
 G - 2 scrolls of remove curse
Potions
 c - a potion of invisibility
 e - 2 potions of haste
 j - a potion of mutation {unknown}
 m - a potion of resistance {unknown}
 o - a potion of degeneration {unknown}
 s - a potion of stabbing {unknown}
 t - a potion of brilliance {unknown}
 H - a potion of heal wounds {unknown}
Books
 l - a manual of Bows
Comestibles
 d - 9 rations


   Skills:
 + Level 5.1 Bows
 - Level 1.5 Dodging
 + Level 8.3 Stealth
 + Level 5.2 Spellcasting
 - Level 6.0 Conjurations
   Level 1.0 Summonings
 - Level 3.0 Translocations
 - Level 3.5 Air Magic
 + Level 8.1 Poison Magic


You had 9 spell levels left.
You knew the following spells:

 Your Spells              Type           Power        Failure   Level  Hunger
a - Magic Dart            Conj           ####         1%          1    None
b - Blink                 Tloc           N/A          4%          2    None
d - Mephitic Cloud        Conj/Pois/Air  ####....     2%          3    ##.....
f - Conjure Flame         Conj/Fire      ###.....     10%         3    ##.....

Your spell library contained the following spells:

 Spells                   Type           Power        Failure   Level  Hunger
 Corpse Rot               Necr/Air       N/A          8%          2    None
 Pain                     Necr           #...         11%         1    None
 Call Imp                 Summ           #.......     11%         2    None
 Slow                     Hex            #.......     16%         2    None
 Sublimation of Blood     Necr           #.........   16%         2    None
 Vampiric Draining        Necr           #.........   32%         3    ##.....


Dungeon Overview and Level Annotations

Branches:
Dungeon (8/15)             Temple (1/1) D:5
   Lair: D:8-11

Altars:
Ashenzari
Cheibriados
Dithmenos
Elyvilon
Fedhas
Gozag
Hepliaklqana
Kikubaaqudgha
Makhleb
Nemelex Xobeh
Okawaru
Qazlal
Ru
Sif Muna
Trog
Uskayaw
Vehumet
Wu Jian
Xom
Yredelemnul
Zin


Innate Abilities, Weirdness & Mutations

You cannot wear boots.
Your serpentine skin is tough. (AC +3)
You have supernaturally acute eyesight. (SInv)
Armour fits poorly on your strangely shaped body.
Your system is resistant to poisons. (rPois)
You cover ground very slowly.
You have a slow metabolism.
You can spit poison.


Message History

Okay, then.
Casting: Mephitic Cloud (dangerous; 3% risk of failure)
Confirm with . or Enter, or press ? or * to list all spells.
You blink.
You kill the orc warrior!
Kikubaaqudgha accepts your kill. The killer bee barely misses you.
The centaur shoots an arrow.
The arrow hits you.
* * * LOW HITPOINT WARNING * * *
You feel better.
The killer bee is engulfed in noxious fumes.
The centaur shoots an arrow.
The arrow hits you.
* * * LOW HITPOINT WARNING * * *
The killer bee stings the orc.
The orc is poisoned.
The killer bee poisons the orc!
The orc priest is engulfed in noxious fumes.
The orc priest appears confused.
The orc barely misses you.
The centaur shoots an arrow.
The arrow hits you!
You die...
Kikubaaqudgha rasps: "You have failed me!
Welcome... death!"

. ..
.##(######
#.(....#.. #
#(.)...... #.
##(.......#
#..#)).°......
#...°o.......
##.yo........
...#.#@......#
>...
.###......#
... .. ......#
?# ... ...c...
##. ....Z.. #.
.......
.......
.......


You could see a centaur, a killer bee (confused), an orc priest (confused), an
orc (very poisoned) and an adder zombie.

Vanquished Creatures
  Sigmund (D:3)
  A hungry ghost (D:7)
  3 orc warriors
  2 phantoms
  A sky beast (D:7)
  A black bear (D:6)
  An ogre (D:7)
  3 centaurs
  2 bullfrogs
  2 killer bees (D:8)
  5 wights (D:7)
  2 crimson imps (D:6)
  2 centaur zombies
  3 hounds
  A jelly (D:7)
  2 centaur skeletons
  An iron imp (D:6)
  2 orc priests
  5 orc wizards
  A bullfrog skeleton (D:5)
  2 iguanas
  7 worker ants
  A worker ant zombie (D:7)
  11 adders
  2 shadow imps
  2 oozes (D:1)
  3 adder skeletons
  4 worms
  A dart slug (D:1)
  5 leopard geckos
  33 orcs
  10 bats
  6 giant cockroaches
  10 goblins
  3 hobgoblins
  9 jackals
  7 kobolds
  4 quokkas
  3 ball pythons
  A ball python skeleton (D:6)
  8 frilled lizards
  A leopard gecko skeleton (D:5)
  10 rats
184 creatures vanquished.

Notes
Turn   | Place    | Note
-------+----------+-------------------------------------------
     0 | D:1      | GameOver the Naga Wizard began the quest for the Orb.
     0 | D:1      | Reached XP level 1. HP: 15/15 MP: 4/4
   254 | D:1      | Reached XP level 2. HP: 10/22 MP: 0/6
   718 | D:1      | Reached XP level 3. HP: 28/28 MP: 4/7
  1793 | D:2      | Reached XP level 4. HP: 36/36 MP: 5/8
  1829 | D:2      | Noticed a phantom
  2138 | D:2      | Found a faded altar of an unknown god.
  2267 | D:2      | Killed a phantom
  2267 | D:2      | Reached skill level 5 in Conjurations
  2267 | D:2      | Reached XP level 5. HP: 13/42 MP: 0/9
  2271 | D:2      | Learned a level 2 spell: Blink
  2275 | D:2      | Learned a level 3 spell: Mephitic Cloud
  2565 | D:3      | Noticed Sigmund
  2594 | D:2      | Reached XP level 6. HP: 33/49 MP: 3/10
  2682 | D:3      | Killed Sigmund
  2682 | D:3      | Reached skill level 1 in Air Magic
  3313 | D:4      | Reached XP level 7. HP: 50/55 MP: 3/11
  3446 | D:4      | Found a shattered altar of Ashenzari.
  4261 | D:5      | Entered Level 5 of the Dungeon
  4274 | D:5      | Learned a level 3 spell: Conjure Flame
  4371 | D:5      | Found a staircase to the Ecumenical Temple.
  4435 | Temple   | Entered the Ecumenical Temple
  4530 | Temple   | Became a worshipper of Kikubaaqudgha
  4818 | D:5      | Reached XP level 8. HP: 60/62 MP: 7/12
  4875 | D:5      | Got a shimmering chain mail
  4997 | D:5      | Reached skill level 5 in Poison Magic
  5452 | D:6      | Reached skill level 5 in Stealth
  5580 | D:6      | Found a white marble altar of Elyvilon.
  5688 | D:6      | Reached skill level 1 in Bows
  5819 | D:6      | Found a snail-covered altar of Cheibriados.
  5983 | D:6      | Reached * piety under Kikubaaqudgha
  5983 | D:6      | Identified Kikubaaqudgha's Handbook of Black Arts
                  | (Kikubaaqudgha gifted it to you on level 6 of the Dungeon)
  5983 | D:6      | Received a gift from Kikubaaqudgha
  6224 | D:6      | Found a shadowy altar of Dithmenos.
  6619 | D:7      | Found a basalt altar of Yredelemnul.
  6666 | D:7      | Reached XP level 9. HP: 68/68 MP: 12/15
  7530 | D:7      | Reached skill level 5 in Spellcasting
  7918 | D:8      | Reached ** piety under Kikubaaqudgha
  7924 | D:8      | Reached skill level 5 in Bows
  7932 | D:8      | Shot with an arrow by a centaur

Illustrated notes

Levels and vault maps discovered:
D:1:      dpeg_arrival_fog, layout_basic
D:2:      layout_loops_ring, chequers_ecumenical_altar_simple_redux
D:3:      layout_rooms, uniq_sigmund
D:4:      layout_rooms, lemuel_round_altar, minmay_strange_pillars
D:5:      layout_rooms, temple_statues, first_ration, minmay_manual_mess
D:6:      layout_rooms, elyvilon_altar_1, slow_altar_1,
          overflow_temple_1_default, kennysheep_crisscross, minmay_circle_x
D:7:      layout_basic, overflow_temple_1_default
D:8:      layout_cave_pools, lemuel_crystal_altar
Temple:   regret_index_temple_sphere_string

Skill      XL: |  1  2  3  4  5  6  7  8  9 |
---------------+----------------------------+-----
Conjurations   | 2 3 5 6 |  6.0
Translocations | 2 3 |  3.0
Air Magic      | 1 3 |  3.5
Poison Magic   | 2 4 7 8 |  8.1
Stealth        | 4 6 8 |  8.3
Bows           | 3 5 |  5.1
Spellcasting   | 4 5 |  5.2
Dodging        | |  1.5
Summonings     | |  1.0

Action                   |  1- 3 |  4- 6 |  7- 9 || total
-------------------------+-------+-------+-------++-------
Melee: Dagger            |    18 |     7 |    63 ||    88
       Mace              |       |    17 |       ||    17
       Flail             |       |       |    25 ||    25
       Halberd           |       |       |    73 ||    73
 Fire: Shortbow          |       |       |    82 ||    82
 Cast: Magic Dart        |    48 |    70 |   121 ||   239
       Mephitic Cloud    |       |     3 |    25 ||    28
       Conjure Flame     |       |       |    19 ||    19
       Blink             |       |       |     9 ||     9
 Abil: Spit Poison       |    27 |    32 |    61 ||   120
Evoke: Wand              |       |       |     1 ||     1
  Use: Scroll            |       |       |     6 ||     6
       Potion            |       |       |     2 ||     2
 Stab: Confused          |       |       |     6 ||     6
       Sleeping          |       |       |     1 ||     1
  Eat: Chunk             |     1 |     4 |    15 ||    20
       Ration            |       |     1 |     1 ||     2
Armor: Robe              |     6 |     6 |    59 ||    71
Dodge: Dodged            |    22 |    27 |   115 ||   164
